 Dungeon Crawl Stone Soup version 0.29.0-4-gdea44cf6ec (webtiles) character file.

Game seed: 11124804965344116940

9181 qw the Cleaver (level 11, -8/64 HPs)
             Began as a Tengu Warper on Aug 28, 2022.
             Was an Elder of Okawaru.
             Mangled by a minotaur
             ... wielding a +0 rapier of freezing
              (23 damage)
             ... in a Gauntlet.
             The game lasted 00:01:20 (11754 turns).

qw the Cleaver (Tengu Warper)                      Turns: 11754, Time: 00:01:21

Health: -8/64      AC: 20    Str: 15    XL:     11   Next: 42%
Magic:  15/16      EV:  6    Int: 13    God:    Okawaru [****..]
Gold:   216        SH: 15    Dex: 15    Spells: 14/14 levels left

rFire   . . .      SeeInvis +   l - +0 broad axe (spect)
rCold   + . .      Faith    .   t - +0 tower shield
rNeg    . . .      Spirit   .   f - +1 plate armour {rC+}
rPois   +          Reflect  .   (helmet restricted)
rElec   .          Harm     .   (no cloak)
rCorr   .          Rampage  .   o - +2 pair of gloves
Will    .....      NoTele   +   (boots unavailable)
Stlth   ..........              k - amulet of the acrobat
HPRegen 0.20/turn               a - ring of see invisible
MPRegen 0.15/turn               g - ring of poison resistance

@: heroic, flying quickly and evasively, quick
A: beak, talons 3, nimble flight
a: Renounce Religion, Heroism, Finesse


You were in a Gauntlet.
You worshipped Okawaru.
Okawaru was greatly pleased with you.
You visited 1 branch of the dungeon, and saw 11 of its levels.
You visited the Abyss 1 time.
You also visited: Gauntlet.

You collected 766 gold pieces.
You spent 550 gold pieces at shops.


Innate Abilities, Weirdness & Mutations

You have a beak for a mouth.
You have claws for feet.
Your magical nature lets you fly swiftly and evasively.


   Skills:
 - Level 6.2(11.2) Fighting
 - Level 14.0(19.0) Axes
 - Level 1.0(6.0) Throwing
 - Level 7.1(12.1) Armour
 - Level 3.1(8.1) Dodging
 + Level 2.9(7.9) Shields
 - Level 2.0 Spellcasting
 - Level 2.4 Translocations
 + Level 6.6 Invocations


You had 14 spell levels left.
You didn't know any spells.
Your spell library contained the following spells:

 Spells                   Type           Power      Damage    Failure   Level
 Blink                    Tloc           14%        N/A       100%        2
 Gell's Gravitas          Tloc           7%         N/A       100%        3
 Lesser Beckoning         Tloc           7%         N/A       100%        3
 Teleport Other           Tloc           7%         N/A       100%        3
 Manifold Assault         Tloc           7%         N/A       100%        5

Inventory:

Hand Weapons
 e - a +0 morningstar
 l - a +0 spectral broad axe (weapon)
Missiles
 j - 3 boomerangs (quivered)
Armour
 f - a +1 plate armour of cold resistance (worn)
 i - the +6 chain mail "Gakuh" {Int+7 Dex-2}
   (You found it in a Gauntlet)

   Int:       It affects your intelligence (+7).
   Dex:       It affects your dexterity (-2).
 o - a +2 pair of gloves (worn)
 t - a +0 tower shield (worn)
Jewellery
 a - a ring of see invisible (left hand)
 g - a ring of poison resistance (right hand)
 k - an amulet of the acrobat (around neck)
 n - an amulet of regeneration
 p - a ring of willpower
 q - a ring of poison resistance
 r - a ring of see invisible
 u - a ring of fire
Scrolls
 h - 8 scrolls of identify
 m - 4 scrolls of teleportation
Potions
 b - a potion of haste
 c - 8 potions of curing
 d - 2 potions of cancellation
 s - a potion of might

Dungeon Overview and Level Annotations

Branches:
Dungeon (11/15)            Temple (0/1) D:7            Lair (0/5) D:11
    Orc (0/2) D:10        Gauntlet (1/1)

Altars:
Gozag
Kikubaaqudgha
Okawaru
Trog
Vehumet

Shops:
D:3 (   D:4 *   D:9 *:

Annotations:
D:6 1 runed translucent door, qw's ghost, novice TeWr Gauntlet 12 transporters


Message History

The hell beast croaks, "Face thy requiem, thou tasty meal!"
The hell hound stops to sniff the ground.
The hell beast bleats, "I will devour thy liver!"
HP restored.
The hell beast roars, "Disclaim thyself, thou tasty junket!"
u - a ring of fire You see here a +0 mace.
There is a transporter here.
You see here the +0 helmet of Greed {rPois MP+9 Stlth+}.
Partly explored, unvisited transporter.
There is a transporter here.
You enter the transporter and appear at another place.
The raiju barks!
You hear a bark!
You reach down and open the door.
A minotaur comes into view.
It is wielding a +0 rapier of freezing and wearing the ring of Hyel {Ice rN+ Dex-5 Slay+2}.
The minotaur moves out of view.
Found a glowing copper wand.
Found a gate leading back out of this place.
11748 ||| INVOKING Heroism.
You gain the combat prowess of a mighty hero.
The minotaur throws a javelin.
The javelin pierces through you!
You hit the minotaur but do no damage.
Your +0 spectral broad axe hits the minotaur!!
The minotaur hits you with a +0 rapier of freezing!!
The minotaur freezes you. The minotaur gores you!
You hit the minotaur but do no damage. You peck the minotaur.
The minotaur is moderately wounded.
Your +0 spectral broad axe hits the minotaur but does no damage.
The minotaur barely misses you. You block the minotaur's attack.
You slash the minotaur!
The minotaur is heavily wounded.
Your +0 spectral broad axe hits the minotaur!
You block the minotaur's attack. x2
You hit the minotaur but do no damage.
You claw the minotaur, but do no damage.
You peck the minotaur, but do no damage.
The minotaur is heavily wounded.
Your +0 spectral broad axe hits the minotaur but does no damage.
The minotaur hits you with a +0 rapier of freezing!!
You die...

#8#
#8##~...............~##8#
#8# ###
####8..^.^.^.^.^.^..8####
### #~...............~#
#####.###.###.#####
#.###.###.### ..........#
#.###.###.#
#.###.###.###.#
#.....(@......#
#######H####### ....
###.## ... ~\~ ~~~~ #####


You could see a minotaur and a friendly +0 spectral broad axe (summoned).

Vanquished Creatures
  A quicksilver ooze (Gauntlet)
  Erolcha (D:11)
  A two-headed ogre (D:8)
  Pikel (D:7)
  A wizard (Gauntlet)
  A manticore (D:11)
  Maggie (D:8)
  3 trolls
  A raiju (Gauntlet)
  A wraith (D:9)
  Sigmund (D:2)
  2 shadows (D:10)
  2 vampires
  A wyvern (D:10)
  3 steam dragons
  2 acid dragons
  2 water moccasins (D:6)
  4 orc warriors
  3 ice beasts
  2 ogres
  4 centaurs
  A kobold brigand (D:8)
  3 lemures (D:7)
  7 bullfrogs
  A necrophage (D:6)
  2 scorpions (D:6)
  4 wights (D:8)
  6 killer bees (D:8)
  A howler monkey (D:10)
  5 hounds
  4 orc priests (D:10)
  A gnoll bouda (D:7)
  3 iguanas
  9 orc wizards
  A mummy (D:7)
  12 gnolls
  5 adders
  4 shadow imps
  A white imp (D:6)
  An ufetubus (D:6)
  A worm (D:2)
  A dart slug (D:1)
  45 orcs
  8 ball pythons
  5 bats
  10 endoplasms
  6 giant cockroaches
  6 hobgoblins
  13 kobolds
  2 quokkas
  5 frilled lizards
  4 goblins
  A hobgoblin zombie (D:7)
  An orc zombie (D:7)
  3 rats
220 creatures vanquished.

Vanquished Creatures (others)
  A wizard (D:6)
1 creature vanquished.

Grand Total: 221 creatures vanquished

Notes
Turn   | Place    | Note
-------+----------+-------------------------------------------
     0 | D:1      | qw the Tengu Warper began the quest for the Orb.
     0 | D:1      | Reached XP level 1. HP: 12/12 MP: 4/4
     0 | D:1      | 0 ||| qw: Version: 0.1-a-89-g26bdef1
     0 | D:1      | 0 ||| qw: Game counter: 321
     0 | D:1      | 0 ||| qw: Always use a shield: true
     0 | D:1      | 0 ||| qw: God list: Okawaru
     0 | D:1      | 0 ||| qw: Allow faded altars: false
     0 | D:1      | 0 ||| qw: Do Orc after D:15 true
     0 | D:1      | 0 ||| qw: Do second Lair branch before Depths: true
     0 | D:1      | 0 ||| qw: Lair rune preference: random
     0 | D:1      | 0 ||| qw: Plans: Normal
     0 | D:1      | 0 ||| PLANNING D:1-11
     6 | D:1      | 6 ||| Stepping ~*~*~tactically~*~*~ (stealth).
     9 | D:1      | 9 ||| Stepping ~*~*~tactically~*~*~ (stealth).
    34 | D:1      | 34 ||| Stepping ~*~*~tactically~*~*~ (stealth).
    41 | D:1      | Reached XP level 2. HP: 15/17 MP: 6/6
    43 | D:1      | Reached skill level 3 in Axes
   201 | D:1      | 201 ||| Stepping ~*~*~tactically~*~*~ (hiding).
   434 | D:1      | Reached XP level 3. HP: 21/21 MP: 7/7
   462 | D:1      | 462 ||| Stepping ~*~*~tactically~*~*~ (stealth).
   490 | D:1      | 490 ||| Stepping ~*~*~tactically~*~*~ (stealth).
   555 | D:1      | 555 ||| SWAPPING to +0 war axe.
   556 | D:1      | 556 ||| DROPPING +0 hand axe.
   645 | D:1      | Reached skill level 4 in Axes
   747 | D:1      | 747 ||| UPGRADING to +0 ring mail.
   757 | D:1      | 757 ||| DROPPING +0 leather armour.
   758 | D:1      | 758 ||| UPGRADING to ring of see invisible.
   759 | D:1      | 759 ||| READING scroll labelled JUIRGH YN ZUYN.
   760 | D:1      | 760 ||| READING 2 scrolls labelled ZAEN YSANKAG.
   761 | D:1      | 761 ||| READING scroll labelled RENOKHLU ZOMI.
   762 | D:1      | 762 ||| READING scroll labelled TILUEH INYSAOJO.
   763 | D:1      | 763 ||| READING scroll labelled DEFUEMN NECIM.
   764 | D:1      | 764 ||| DROPPING scroll of blinking.
   765 | D:1      | 765 ||| Stepping randomly (stuck).
   766 | D:1      | 766 ||| Stepping ~*~*~tactically~*~*~ (cloud).
   769 | D:1      | HP: 5/21 [poisoned by you (poison gas)]
   772 | D:1      | HP: 2/21 [poisoned by you (poison gas)]
  1291 | D:2      | 1291 ||| Stepping ~*~*~tactically~*~*~ (stealth).
  1528 | D:2      | Found a faded altar of an unknown god.
  1690 | D:2      | HP: 5/21 [poisoned by an adder]
  2003 | D:2      | Noticed Sigmund
  2017 | D:2      | Killed Sigmund
  2018 | D:2      | Reached skill level 6 in Axes
  2018 | D:2      | Reached XP level 4. HP: 16/26 MP: 8/8
  2018 | D:2      | Gained mutation: Your magical nature lets you fly swiftly
                  | and evasively. [Tengu growth]
  2018 | D:2      | Reached XP level 5. HP: 19/30 MP: 9/9
  2597 | D:2      | 2597 ||| UPGRADING to +0 scale mail.
  2607 | D:2      | 2607 ||| DROPPING +0 ring mail.
  2608 | D:2      | 2608 ||| READING scroll labelled KAUC XUNASMERPH.
  2609 | D:2      | 2609 ||| READING scroll labelled NAHOEXK ICOKKEO.
  2610 | D:2      | 2610 ||| READING scroll labelled KID BIATASHAOF.
  2611 | D:2      | 2611 ||| DRINKING 2 clear potions.
  2612 | D:2      | 2612 ||| READING 2 scrolls of identify.
  2612 | D:2      | 2612 ||| IDENTIFYING green potion
  2613 | D:2      | 2613 ||| DROPPING potion of berserk rage.
  2694 | D:3      | Found Xuroug's Antique Weapon Shop.
  2712 | D:3      | 2712 ||| BUYING glowing hand axe (126 gold).
  2712 | D:3      | Bought a glowing hand axe for 126 gold pieces
  2712 | D:3      | 2712 ||| SHOPLISTING mace (63 gold, have 16).
  2712 | D:3      | 2712 ||| SHOPLISTING whip (52 gold, have 16).
  2712 | D:3      | 2712 ||| SWAPPING to +3 vampiric hand axe.
  2713 | D:3      | 2713 ||| DROPPING +0 vorpal war axe.
  2785 | D:3      | 2785 ||| DROPPING +0 club.
  2825 | D:3      | 2825 ||| DROPPING +0 whip.
  2857 | D:3      | Reached XP level 6. HP: 30/35 MP: 10/10
  3110 | D:3      | 3110 ||| Stepping ~*~*~tactically~*~*~ (stealth).
  3122 | D:3      | Reached skill level 7 in Axes
  3131 | D:3      | HP: 8/35 [gnoll/+0 spear (5)]
  3132 | D:3      | HP: 3/35 [gnoll/+0 spear (7)]
  3626 | D:3      | 3626 ||| UPGRADING to +0 chain mail.
  3637 | D:3      | 3637 ||| DROPPING +0 scale mail.
  3665 | D:3      | 3665 ||| UPGRADING to amulet of the acrobat.
  3679 | D:3      | 3679 ||| DROPPING ring of wizardry.
  3768 | D:3      | 3768 ||| DRINKING 2 puce potions.
  3988 | D:4      | Identified the +9 falchion of Karma {speed, rPois rC+
                  | Dex+4}
  4004 | D:4      | Found Socan's Assorted Antiques.
  4010 | D:4      | 4010 ||| BUYING potion of curing (57 gold).
  4010 | D:4      | Bought a potion of curing for 57 gold pieces
  4010 | D:4      | 4010 ||| SHOPLISTING potion of curing (57 gold, have 37).
  4010 | D:4      | 4010 ||| BUYING scroll labelled BYSOTE JIDUBU (19 gold).
  4010 | D:4      | Bought a scroll labelled BYSOTE JIDUBU for 19 gold pieces
  4021 | D:4      | 4021 ||| Stepping ~*~*~tactically~*~*~ (stealth).
  4030 | D:4      | 4030 ||| DRINKING 3 potions of curing.
  4030 | D:4      | 4030 ||| (to cure confusion)
  4150 | D:4      | 4150 ||| UPGRADING to +0 plate armour.
  4160 | D:4      | 4160 ||| DROPPING +0 chain mail.
  4161 | D:4      | 4161 ||| UPGRADING to +0 pair of gloves.
  4166 | D:4      | 4166 ||| READING scroll of enchant armour.
  4166 | D:4      | 4166 ||| ENCHANTING +0 pair of gloves.
  4167 | D:4      | 4167 ||| READING scroll labelled BYSOTE JIDUBU.
  4171 | D:4      | 4171 ||| READING 4 scrolls of identify.
  4171 | D:4      | 4171 ||| IDENTIFYING orange potion
  4172 | D:4      | 4172 ||| READING 3 scrolls of identify.
  4172 | D:4      | 4172 ||| IDENTIFYING glowing sapphire potion
  4173 | D:4      | 4173 ||| READING 2 scrolls of identify.
  4173 | D:4      | 4173 ||| IDENTIFYING lumpy golden potion
  4174 | D:4      | 4174 ||| DROPPING potion of flight.
  4175 | D:4      | 4175 ||| DROPPING potion of invisibility.
  4176 | D:4      | 4176 ||| DROPPING potion of lignification.
  4191 | D:5      | Entered Level 5 of the Dungeon
  4192 | D:5      | 4192 ||| Stepping ~*~*~tactically~*~*~ (hiding).
  4194 | D:5      | 4194 ||| Stepping ~*~*~tactically~*~*~ (hiding).
  4199 | D:5      | 4199 ||| Stepping ~*~*~tactically~*~*~ (hiding).
  4200 | D:5      | 4200 ||| Stepping ~*~*~tactically~*~*~ (hiding).
  4216 | D:5      | Reached skill level 3 in Armour
  4216 | D:5      | Reached XP level 7. HP: 39/40 MP: 11/11
  4225 | D:5      | Reached skill level 3 in Fighting
  4848 | D:5      | 4848 ||| UPGRADING to +1 plate armour of cold resistance.
  4858 | D:5      | 4858 ||| DROPPING +0 plate armour.
  4859 | D:5      | 4859 ||| UPGRADING to ring of poison resistance.
  4860 | D:5      | 4860 ||| READING scroll labelled IWNUCADOEJ.
  4861 | D:5      | 4861 ||| READING scroll labelled UZEUCREREKK.
  4862 | D:5      | 4862 ||| DRINKING 2 golden potions.
  4963 | D:5      | 4963 ||| READING 2 scrolls of identify.
  4963 | D:5      | 4963 ||| IDENTIFYING fuming clear potion
  4964 | D:5      | 4964 ||| DROPPING potion of ambrosia.
  4965 | D:5      | 4965 ||| DROPPING potion of magic.
  5003 | D:6      | Identified the +1 robe "Vachalai" {Dex+3}
  5015 | D:6      | Reached skill level 8 in Axes
  5075 | D:6      | Reached XP level 8. HP: 26/46 MP: 12/12
  5237 | D:6      | Found an opulent altar of Gozag.
  5237 | D:6      | Found an iron altar of Okawaru.
  5237 | D:6      | Found an ancient bone altar of Kikubaaqudgha.
  5238 | D:6      | Found a radiant altar of Vehumet.
  5245 | D:6      | Became a worshipper of Warmaster Okawaru
  5628 | D:6      | Reached skill level 9 in Axes
  5679 | D:6      | 5679 ||| Stepping ~*~*~tactically~*~*~ (stealth).
  5680 | D:6      | 5680 ||| Stepping ~*~*~tactically~*~*~ (stealth).
  5728 | D:6      | Found a runed translucent door.
  5728 | D:6      | Noticed a gargoyle
  5729 | D:6      | Noticed qw's ghost (novice TeWr)
  5737 | D:6      | Found a bloodstained altar of Trog.
  5850 | D:6      | Reached * piety under Okawaru
  5851 | D:6      | Reached skill level 10 in Axes
  5903 | D:6      | 5903 ||| Stepping ~*~*~tactically~*~*~ (hiding).
  5904 | D:6      | 5904 ||| Stepping ~*~*~tactically~*~*~ (hiding).
  5977 | D:6      | Noticed a wizard
  5983 | D:6      | Killed a wizard
  6094 | D:6      | 6094 ||| DRINKING 2 sedimented inky potions.
  6095 | D:6      | 6095 ||| DRINKING 2 sedimented emerald potions.
  6096 | D:6      | 6096 ||| READING 3 scrolls of identify.
  6096 | D:6      | 6096 ||| IDENTIFYING sedimented red potion
  6097 | D:6      | 6097 ||| DROPPING potion of attraction.
  6098 | D:6      | 6098 ||| DROPPING potion of brilliance.
  6117 | D:7      | 6117 ||| PLANNING OSSUARY
  6117 | D:7      | 6117 ||| STAIRDANCE
  6156 | D:7      | 6156 ||| STAIRDANCE
  6158 | D:6      | 6158 ||| INVOKING Heroism.
  6161 | D:6      | Reached skill level 1 in Invocations
  6166 | D:6      | HP: 11/48 [orc warrior/+0 battleaxe (3)]
  6167 | D:6      | 6167 ||| READING 2 scrolls of teleportation.
  6167 | D:6      | HP: 3/48 [orc warrior/+0 battleaxe (8)]
  6168 | D:6      | 6168 ||| DRINKING potion of heal wounds.
  6330 | D:7      | 6330 ||| Stepping ~*~*~tactically~*~*~ (stealth).
  6331 | D:7      | 6331 ||| Stepping ~*~*~tactically~*~*~ (hiding).
  6333 | D:7      | 6333 ||| INVOKING Heroism.
  6333 | D:7      | Noticed Pikel
  6334 | D:7      | 6334 ||| Stepping ~*~*~tactically~*~*~ (hiding).
  6345 | D:7      | Reached XP level 9. HP: 52/52 MP: 11/13
  6357 | D:7      | 6357 ||| INVOKING Heroism.
  6361 | D:7      | Killed Pikel
  6362 | D:7      | Reached skill level 3 in Invocations
  6396 | D:7      | 6396 ||| Stepping ~*~*~tactically~*~*~ (hiding).
  6398 | D:7      | 6398 ||| Stepping ~*~*~tactically~*~*~ (hiding).
  6434 | D:7      | 6434 ||| Stepping ~*~*~tactically~*~*~ (stealth).
  6451 | D:7      | 6451 ||| INVOKING Heroism.
  6523 | D:7      | Found a staircase to the Ecumenical Temple.
  6526 | D:7      | 6526 ||| READING scroll of teleportation.
  6592 | D:7      | Reached ** piety under Okawaru
  6674 | D:7      | 6674 ||| Stepping ~*~*~tactically~*~*~ (hiding).
  6680 | D:7      | 6680 ||| INVOKING Heroism.
  6784 | D:7      | 6784 ||| SWAPPING to +0 broad axe.
  6786 | D:7      | 6786 ||| DROPPING +3 vampiric hand axe.
  6787 | D:7      | 6787 ||| READING 2 scrolls of brand weapon.
  6787 | D:7      | 6787 ||| BRANDING +0 broad axe.
  6788 | D:7      | 6788 ||| READING scroll of brand weapon.
  6788 | D:7      | 6788 ||| BRANDING +0 vorpal broad axe.
  6809 | D:7      | 6809 ||| RIP OSSUARY
  6816 | D:7      | 6816 ||| PLANNING D:1-11
  6990 | D:8      | 6990 ||| READING scroll of enchant armour.
  6990 | D:8      | 6990 ||| ENCHANTING +1 pair of gloves.
  7072 | D:8      | 7072 ||| INVOKING Heroism.
  7076 | D:8      | Reached skill level 11 in Axes
  7171 | D:8      | 7171 ||| INVOKING Heroism.
  7345 | D:8      | Noticed Maggie
  7352 | D:8      | Killed Maggie
  7353 | D:8      | Reached skill level 12 in Axes
  7353 | D:8      | Reached XP level 10. HP: 45/59 MP: 14/14
  7354 | D:8      | Reached *** piety under Okawaru
  7436 | D:8      | 7436 ||| DRINKING 4 potions of curing.
  7436 | D:8      | 7436 ||| (to cure confusion)
  7472 | D:8      | Noticed a two-headed ogre
  7473 | D:8      | 7473 ||| INVOKING Heroism.
  7478 | D:8      | Killed a two-headed ogre
  7715 | D:8      | 7715 ||| INVOKING Heroism.
  7756 | D:8      | Reached skill level 3 in Dodging
  7979 | D:8      | 7979 ||| INVOKING Heroism.
  8131 | D:9      | 8131 ||| INVOKING Heroism.
  8141 | D:9      | Reached skill level 6 in Fighting
  8192 | D:9      | 8192 ||| Stepping ~*~*~tactically~*~*~ (stealth).
  8193 | D:9      | 8193 ||| Stepping ~*~*~tactically~*~*~ (stealth).
  8194 | D:9      | 8194 ||| Stepping ~*~*~tactically~*~*~ (stealth).
  8196 | D:9      | 8196 ||| Stepping ~*~*~tactically~*~*~ (hiding).
  8199 | D:9      | 8199 ||| INVOKING Heroism.
  8367 | D:9      | 8367 ||| Stepping ~*~*~tactically~*~*~ (hiding).
  8368 | D:9      | 8368 ||| Stepping ~*~*~tactically~*~*~ (hiding).
  8625 | D:9      | Found Werghuchi's Book Shop.
  8653 | D:9      | 8653 ||| INVOKING Heroism.
  8897 | D:9      | Found Plog's Assorted Antiques.
  8904 | D:9      | 8904 ||| BUYING glowing chain mail (180 gold).
  8904 | D:9      | Bought a glowing chain mail for 180 gold pieces
  8904 | D:9      | 8904 ||| BUYING scroll labelled QUQALO NAEJ (24 gold).
  8904 | D:9      | Bought a scroll labelled QUQALO NAEJ for 24 gold pieces
  8904 | D:9      | 8904 ||| BUYING scroll of identify (48 gold).
  8904 | D:9      | Bought a scroll of identify for 48 gold pieces
  8904 | D:9      | 8904 ||| BUYING scroll of identify (48 gold).
  8904 | D:9      | Bought a scroll of identify for 48 gold pieces
  8904 | D:9      | 8904 ||| BUYING scroll of identify (48 gold).
  8904 | D:9      | Bought a scroll of identify for 48 gold pieces
  9153 | D:9      | 9153 ||| DROPPING scarf of harm.
  9154 | D:9      | 9154 ||| DROPPING +0 chain mail of cold resistance.
  9155 | D:9      | 9155 ||| READING scroll labelled QUQALO NAEJ.
  9156 | D:9      | 9156 ||| READING 3 scrolls labelled WICKI DOWOS.
  9157 | D:9      | 9157 ||| DROPPING 2 scrolls of noise.
  9175 | D:10     | Entered Level 10 of the Dungeon
  9258 | D:10     | Identified the +3 shortbow of a bazaar {flame, rCorr Int+4
                  | Dex-5}
  9436 | D:10     | Reached **** piety under Okawaru
  9437 | D:10     | Reached skill level 13 in Axes
  9481 | D:10     | 9481 ||| Stepping ~*~*~tactically~*~*~ (stealth).
  9483 | D:10     | 9483 ||| Stepping ~*~*~tactically~*~*~ (hiding).
  9491 | D:10     | 9491 ||| Stepping ~*~*~tactically~*~*~ (hiding).
  9495 | D:10     | 9495 ||| INVOKING Heroism.
  9497 | D:10     | 9497 ||| Stepping ~*~*~tactically~*~*~ (hiding).
  9503 | D:10     | 9503 ||| Stepping ~*~*~tactically~*~*~ (hiding).
  9512 | D:10     | 9512 ||| Stepping ~*~*~tactically~*~*~ (stealth).
  9549 | D:10     | 9549 ||| FLEEEEING.
  9550 | D:10     | 9550 ||| FLEEEEING.
  9551 | D:10     | 9551 ||| FLEEEEING.
  9552 | D:10     | 9552 ||| FLEEEEING.
  9553 | D:10     | 9553 ||| FLEEEEING.
  9554 | D:10     | 9554 ||| FLEEEEING.
  9555 | D:10     | 9555 ||| FLEEEEING.
  9556 | D:10     | 9556 ||| FLEEEEING.
  9557 | D:10     | 9557 ||| FLEEEEING.
  9558 | D:10     | 9558 ||| FLEEEEING.
  9559 | D:10     | 9559 ||| FLEEEEING.
  9560 | D:10     | 9560 ||| FLEEEEING.
  9561 | D:10     | 9561 ||| FLEEEEING.
  9562 | D:10     | 9562 ||| FLEEEEING.
  9563 | D:10     | 9563 ||| FLEEEEING.
  9564 | D:10     | 9564 ||| FLEEEEING.
  9565 | D:10     | 9565 ||| FLEEEEING.
  9566 | D:10     | 9566 ||| FLEEEEING.
  9567 | D:10     | 9567 ||| FLEEEEING.
  9569 | D:10     | 9569 ||| FLEEEEING.
  9570 | D:10     | 9570 ||| FLEEEEING.
  9571 | D:10     | 9571 ||| FLEEEEING.
  9572 | D:10     | 9572 ||| FLEEEEING.
  9573 | D:10     | 9573 ||| STAIRDANCE
  9618 | D:10     | 9618 ||| STAIRDANCE
  9657 | D:10     | 9657 ||| INVOKING Heroism.
  9691 | D:10     | 9691 ||| Stepping ~*~*~tactically~*~*~ (stealth).
  9701 | D:10     | 9701 ||| Stepping ~*~*~tactically~*~*~ (stealth).
  9702 | D:10     | 9702 ||| INVOKING Heroism.
  9765 | D:10     | Found a staircase to the Orcish Mines.
 10179 | D:10     | 10179 ||| READING 8 scrolls of identify.
 10179 | D:10     | 10179 ||| IDENTIFYING sapphire potion
 10217 | D:11     | 10217 ||| PLANNING GAUNTLET
 10252 | D:11     | Noticed Erolcha
 10253 | D:11     | 10253 ||| INVOKING Heroism.
 10257 | D:11     | Killed Erolcha
 10258 | D:11     | Reached XP level 11. HP: 64/64 MP: 12/16
 10338 | D:11     | 10338 ||| INVOKING Heroism.
 10338 | D:11     | Noticed a manticore
 10349 | D:11     | Killed a manticore
 10591 | D:11     | 10591 ||| DRINKING 8 potions of curing.
 10591 | D:11     | 10591 ||| (to cure confusion)
 10598 | D:11     | Reached skill level 14 in Axes
 10631 | D:11     | Found a staircase to the Lair.
 10649 | D:11     | Found a gate leading to a gauntlet.
 10650 | D:11     | 10650 ||| UPGRADING to +0 tower shield.
 10655 | D:11     | 10655 ||| DROPPING amulet of magic regeneration.
 10656 | D:11     | 10656 ||| DROPPING amulet of guardian spirit.
 10662 | D:11     | 10662 ||| INVOKING Heroism.
 10668 | D:11     | Reached skill level 6 in Invocations
 10688 | Gauntlet | Entered a Gauntlet
 10688 | Gauntlet | Found a transporter.
 10693 | Gauntlet | Noticed a wizard
 10698 | Gauntlet | Found a transporter.
 10712 | Gauntlet | Found a transporter.
 10716 | Gauntlet | Noticed a quicksilver ooze
 10717 | Gauntlet | Found a transporter.
 10734 | Gauntlet | Found a transporter.
 10738 | Gauntlet | Noticed a hell beast
 10754 | Gauntlet | Found a transporter.
 10766 | Gauntlet | Found a transporter.
 10775 | Gauntlet | Noticed a spectral death yak
 10778 | Gauntlet | Found a transporter.
 10779 | Gauntlet | Noticed a death scarab
 10780 | Gauntlet | Noticed a death scarab
 10790 | Gauntlet | Found a transporter.
 10791 | Gauntlet | Noticed a wolf spider
 10797 | Gauntlet | Noticed a moth of wrath
 10801 | Gauntlet | Noticed a thrashing horror
 10802 | Gauntlet | Found a transporter.
 10808 | Gauntlet | Found a transporter.
 10808 | Gauntlet | Found a transporter.
 10851 | Gauntlet | Found a transporter.
 10852 | Gauntlet | Noticed an oklob plant
 10876 | Gauntlet | Found a transporter.
 10878 | Gauntlet | Found a transporter.
 10880 | Gauntlet | Found a transporter.
 10902 | Gauntlet | Found a transporter.
 10982 | Gauntlet | Found a transporter.
 11104 | Gauntlet | 11104 ||| INVOKING Heroism.
 11105 | Gauntlet | 11105 ||| Stepping randomly (cloudy).
 11108 | Gauntlet | Reached skill level 1 in Shields
 11118 | Gauntlet | HP: 11/64 [raiju/living lightning (9)]
 11119 | Gauntlet | 11119 ||| DRINKING potion of heal wounds.
 11124 | Gauntlet | HP: 13/64 [raiju/living lightning (5)]
 11398 | Abyss:2  | Cast into level 2 of the Abyss (a wizard)
 11399 | Abyss:2  | 11399 ||| RIP GAUNTLET
 11399 | Abyss:2  | 11399 ||| PLANNING LAIR
 11405 | Gauntlet | Escaped the Abyss
 11406 | Gauntlet | 11406 ||| PLANNING GAUNTLET
 11406 | Gauntlet | 11406 ||| INVOKING Heroism.
 11407 | Gauntlet | Killed a wizard
 11516 | Gauntlet | Identified the +6 chain mail "Gakuh" {Int+7 Dex-2}
 11531 | Gauntlet | 11531 ||| INVOKING Heroism.
 11535 | Gauntlet | Killed a quicksilver ooze
 11728 | Gauntlet | Identified the +0 helmet of Greed {rPois MP+9 Stlth+}
 11746 | Gauntlet | Identified the ring of Hyel {Ice rN+ Dex-5 Slay+2}
 11746 | Gauntlet | Noticed a minotaur
 11748 | Gauntlet | 11748 ||| INVOKING Heroism.
 11751 | Gauntlet | HP: 15/64 [minotaur/+0 rapier of freezing (10)]
 11754 | Gauntlet | Mangled by a minotaur

Levels and vault maps discovered:
D:1:      grunt_arrival_crossed_arrows, layout_rooms, due_unseen_surprise
D:2:      layout_basic, shapermc_ecumenical_altar_ellora, minmay_door_square,
          uniq_sigmund
D:3:      layout_rooms, serial_co_window_serial, co_window_corner_a,
          co_window_cross_1, co_window_paths_b, co_window_paths_a,
          co_window_corner_a, co_window_paths_a, co_window_corner_a,
          co_window_paths_b, co_window_of_opportunity_a, co_window_cross_2,
          co_window_corner_b, co_window_unsneaky_path_a, co_window_corner_ca,
          co_window_2corner, glass_columns_b, glass_columns_a, glass_columns_c,
          glass_columns_a, glass_columns_a, serial_shops,
          nicolae_shop_hallway_stairs
D:4:      layout_basic, serial_shops, nicolae_shop_waterfront
D:5:      layout_rooms
D:6:      layout_basic, trog_wizard, chequers_temple_overflow_statue_of_worship,
          ebering_ghost_inner_flame, kennysheep_generic_room_2
D:7:      layout_basic, minmay_temple_entry_stoned_glass,
          nicolae_ossuary_entry_giza, uniq_pikel
D:8:      layout_gridville, kennysheep_generic_room_15, uniq_maggie
D:9:      layout_irregular_city, serial_shops, nicolae_diamond_shop, shop
D:10:     layout_cave_pods, hiddenorc1_lemuel
D:11:     layout_rooms, lair_entry_dummy, gauntlet_entry_generic, minivault_10,
          lemuel_zombie_altar_kikubaaqudgha, uniq_erolcha
Gauntlet: gammafunk_gauntlet_one_two_three [nicolae_gauntlet_arena_quarters,
          gammafunk_gauntlet_arena_grid, nicolae_gauntlet_arena_t_cross,
          gammafunk_gauntlet_arena_crates, nicolae_gauntlet_arena_blocks,
          gammafunk_gauntlet_arena_open, nicolae_gauntlet_arena_grate_2,
          gammafunk_gauntlet_arena_teeth, nicolae_gauntlet_arena_x,
          gauntlet_exit_watery]

Skill      XL: |  1  2  3  4  5  6  7  8  9 10 11 |
---------------+----------------------------------+-----
Axes           | 3 6 7 8 10 12 13 14 | 14.0
Armour         | 3 4 5 7 |  7.1
Fighting       | 3 4 5 6 |  6.2
Invocations    | 1 4 5 6 |  6.6
Dodging        | 3 |  3.1
Shields        | 2 |  2.9
Throwing       | |  1.0
Spellcasting   | |  2.0
Translocations | |  2.4

Action                   |  1- 3 |  4- 6 |  7- 9 | 10-12 || total
-------------------------+-------+-------+-------+-------++-------
Melee: Hand axe          |    41 |    99 |   224 |       ||   364
       Kick              |    17 |    33 |    76 |    44 ||   170
       Peck              |     7 |    24 |    45 |    31 ||   107
       War axe           |    33 |    19 |       |       ||    52
       Punch             |     1 |     1 |     7 |     7 ||    16
       Broad axe         |       |       |    32 |   123 ||   155
Throw: Boomerang         |     7 |     1 |    18 |    37 ||    63
Invok: Heroism           |       |       |     7 |    16 ||    23
  Use: Scroll            |     5 |     9 |     9 |     3 ||    26
       Potion            |       |     3 |     4 |     3 ||    10
 Stab: Distracted        |       |       |     1 |     1 ||     2
Armor: Leather armour    |    15 |       |       |       ||    15
       Ring mail         |     5 |     3 |       |       ||     8
       Scale mail        |       |    12 |       |       ||    12
       Plate armour      |       |    33 |   143 |    40 ||   216
       Chain mail        |       |    12 |       |       ||    12
Dodge: Dodged            |    33 |    59 |    75 |    57 ||   224
Block: Tower shield      |       |       |       |    10 ||    10

Table legend:
 A = Non-vault XP
 B = Vault XP
 C = Vault XP percentage of total XP
 D = Non-vault monster count
 E = Vault monster count
 F = Vault count percentage of total count
                 A         B        C        D         E       F
            +---------+---------+-------+---------+---------+-------
      Total |    8391 |    4725 |  36.0 |     181 |      36 |  16.6
            +---------+---------+-------+---------+---------+-------
        D:1 |      46 |       0 |   0.0 |      27 |       0 |   0.0
        D:2 |      38 |     214 |  84.9 |      14 |       1 |   6.7
        D:3 |     140 |       0 |   0.0 |      19 |       0 |   0.0
        D:4 |      88 |       0 |   0.0 |      15 |       0 |   0.0
        D:5 |     458 |       0 |   0.0 |      13 |       0 |   0.0
        D:6 |     955 |     314 |  24.7 |      21 |       4 |  16.0
        D:7 |     826 |     696 |  45.7 |      18 |       4 |  18.2
        D:8 |    2291 |     479 |  17.3 |      29 |       3 |   9.4
        D:9 |    1132 |       3 |   0.3 |      10 |       1 |   9.1
       D:10 |    1092 |     324 |  22.9 |      11 |      16 |  59.3
       D:11 |    1325 |     841 |  38.8 |       4 |       1 |  20.0
   Gauntlet |       0 |    1854 | 100.0 |       0 |       6 | 100.0
            +---------+---------+-------+---------+---------+-------
